 Dungeon Crawl Stone Soup version 0.28.0-53-g5a82cb258f (webtiles) character file.

Game seed: 7848987731396225044

8171 Plasmagod the Cruncher (level 11, -13/73 (85) HPs)
             Began as a Formicid Fighter on July 25, 2022.
             Was a High Priest of Fedhas.
             Mangled by an orc knight
             ... wielding a +0 glaive
              (16 damage)
             ... in a bailey.
             The game lasted 00:24:45 (9710 turns).

Plasmagod the Cruncher (Formicid Fighter)           Turns: 9710, Time: 00:24:46

HP:   -13/73 (85)   AC: 19    Str: 26    XL:     11   Next: 50%
MP:   13/13         EV: 12    Int:  7    God:    Fedhas [*****.]
Gold: 743           SH: 10    Dex: 10    Spells: 10/10 levels left

rFire   . . .      SeeInvis +   v - +0 battleaxe (freeze)
rCold   . . .      Faith    .   c - +0 buckler
rNeg    . . .      Spirit   .   F - +1 plate armour {Will+}
rPois   .          Reflect  +   (helmet unavailable)
rElec   .          Harm     .   h - +0 cloak
rCorr   .          Rampage  .   w - +0 pair of gloves
Will    ++...                   j - +1 pair of boots
Stlth   ..........              z - amulet of reflection
HPRegen 0.22/turn               n - +4 ring of evasion
MPRegen 0.13/turn               (no ring)

@: heavily drained
A: permanent stasis, dig shafts and tunnels, antennae 3, four strong arms
a: Dig, Renounce Religion, Wall of Briars, Grow Ballistomycete, Overgrow, Grow
Oklob


You were in a bailey.
You worshipped Fedhas.
Fedhas was extremely pleased with you.
You visited 1 branch of the dungeon, and saw 10 of its levels.
You also visited: Sewer and Bailey.

You collected 743 gold pieces.

Inventory:

Hand Weapons
 a - a +0 spectral quarterstaff
 v - a +0 battleaxe of freezing (weapon)
Armour
 c - a +0 buckler (worn)
 h - a +0 cloak (worn)
 j - a +1 pair of boots (worn)
 w - a +0 pair of gloves (worn)
 F - a +1 plate armour of willpower (worn)
Jewellery
 n - a +4 ring of evasion (left hand)
 z - an amulet of reflection (around neck)
Wands
 d - a wand of mindburst (7)
 m - a wand of acid (8)
 t - a wand of iceblast (8)
 y - a wand of polymorph (7)
 B - a wand of flame (19)
 G - a wand of charming (3)
Scrolls
 b - a scroll of fog
 o - a scroll of enchant weapon {unknown}
 u - a scroll of summoning {unknown}
 E - 2 scrolls of amnesia
 H - 2 scrolls of holy word {unknown}
Potions
 e - 2 potions of invisibility
 g - 2 potions of resistance
 i - 2 potions of mutation
 k - 5 potions of curing
 l - a potion of degeneration
 p - a potion of cancellation
 r - a potion of magic {unknown}
 s - a potion of lignification {unknown}
 C - a potion of might
 D - a potion of brilliance {unknown}


   Skills:
 + Level 7.7 Fighting
 + Level 5.1 Long Blades
 * Level 4.6 Axes
 - Level 10.5 Staves
 + Level 8.1 Armour
 + Level 3.0 Dodging
 + Level 3.2 Stealth
 + Level 6.4 Shields
 * Level 3.8 Invocations


You had 10 spell levels left.
You didn't know any spells.
Your spell library contained the following spells:

 Spells                   Type           Power      Damage    Failure   Level
 Animate Skeleton         Necr           0%         N/A       99%         1
 Apportation              Tloc           0%         N/A       99%         1
 Summon Small Mammal      Summ           0%         N/A       99%         1
 Ensorcelled Hibernation  Hex/Ice        0%         N/A       100%        2
 Sublimation of Blood     Necr           0%         N/A       100%        2
 Call Canine Familiar     Summ           0%         N/A       100%        3
 Portal Projectile        Hex/Tloc       0%         N/A       100%        3
 Spider Form              Tmut/Pois      0%         N/A       100%        3
 Anguish                  Hex/Necr       0%         N/A       100%        4
 Leda's Liquefaction      Hex/Erth       0%         N/A       100%        4
 Petrify                  Tmut/Erth      0%         N/A       100%        4
 Irradiate                Conj/Tmut      0%         3d13      100%        5


Dungeon Overview and Level Annotations

Branches:
Dungeon (10/15)            Temple (0/1) D:4            Lair (0/6) D:8
    Orc (0/2) D:9           Sewer (visited)          Bailey (1/1)

Altars:
Ashenzari
Dithmenos
Fedhas
Gozag
Makhleb
Okawaru
Ru
Sif Muna
Uskayaw
Wu Jian
Xom
Zin

Annotations:
D:3 1 runed translucent door, aloneDruid's ghost, amateur DgGl
D:9 2 transporters Bailey 2 runed translucent doors


Innate Abilities, Weirdness & Mutations

You cannot be hasted, slowed, berserked, paralysed or teleported.
You can dig through walls and to a lower floor.
You have a pair of large antennae on your head. (SInv)
Your four strong arms can wield two-handed weapons with a shield.


Message History

You block the orc knight's attack. The orc warrior misses you.
You closely miss the orc knight.
The orc knight is heavily wounded.
You block the orc knight's attack. You block the orc warrior's attack.
The orc knight barely misses you.
The orc warrior hits you but does no damage.
You slash the orc knight! You freeze the orc knight.
The orc knight is severely wounded.
You block the orc knight's attack.
The orc warrior hits you from afar with a +0 spear!
You closely miss the orc knight.
The orc knight is severely wounded.
You block the orc knight's attack.
The orc warrior hits you but does no damage.
The orc knight hits you with a +0 glaive.
The orc warrior hits you from afar with a +0 spear!
You hit the orc knight but do no damage.
The orc knight is severely wounded.
The orc knight hits you with a +0 glaive.
The orc warrior hits you from afar with a +0 spear!
* * * LOW HITPOINT WARNING * * *
You feel much better. The orc knight completely misses you.
The orc warrior hits you from afar with a +0 spear!!
You hit the orc knight. You freeze the orc knight.
The orc knight is severely wounded.
You block the orc knight's attack. The orc warrior barely misses you.
You closely miss the orc knight.
The orc knight is severely wounded.
The orc knight hits you with a +0 glaive!
* * * LOW HITPOINT WARNING * * *
The orc warrior hits you from afar with a +0 spear.
* * * LOW HITPOINT WARNING * * *
The orc knight hits you with a +0 glaive.
* * * LOW HITPOINT WARNING * * *
The orc warrior barely misses you.
As you read the scroll of fog, it crumbles to dust.
The scroll dissolves into smoke.
The orc knight hits you with a +0 glaive!
You die...
Fedhas appreciates your contribution to the ecosystem.

####### ♣≈≈≈≈≈♣ ♣≈≈≈≈≈♣♣♣♣
♣.≈≈≈≈≈..♣♣ ♣..≈≈≈≈≈..♣
####..≈≈≈≈...
#$.##########..#..≈≈≈≈≈..
#....))§o§§§...#...≈≈≈≈...
##..)..o§@§§..##...≈≈≈≈..♣
#..########))#....≈≈≈≈..♣
#. #...{##8)#...######.. #
#....[$#..#...........
..+..##:?#.))...........
#..+.. [?#..'......)....
#..#.. !$#..#....)......
#.8##. }##8.#...######..
#..#....≈≈≈≈...


You could see an orc knight and an orc warrior (strong).

Vanquished Creatures
  A two-headed ogre (D:10)
  Pikel (D:4)
  Maggie (D:8)
  A troll (D:8)
  A hornet (D:9)
  A vampire (D:6)
  6 yaks (D:5)
  2 steam dragons (D:8)
  3 wargs (D:9)
  An acid dragon (D:9)
  Pargi (Sewer)
  3 black bears
  7 orc warriors
  A sky beast (D:5)
  An ice beast (D:5)
  A necrophage (D:5)
  3 ogres
  3 centaurs
  3 phantoms
  A lemure (D:4)
  2 kobold brigands
  A gnoll sergeant (D:8)
  A wyvern zombie (D:8)
  A bullfrog (D:6)
  A water moccasin zombie (D:5)
  A water moccasin skeleton (D:6)
  9 killer bees
  11 wights
  4 centaur zombies
  4 jellies
  4 hounds
  3 gnoll shamans
  8 orc priests
  2 centaur skeletons
  Ijyb (D:3)
  3 iguanas
  7 orc wizards
  A hound skeleton (D:4)
  13 gnolls
  5 adders
  4 river rats (D:3)
  2 shadow imps
  A white imp (D:5)
  3 ufetubi
  2 dart slugs
  A worm (D:2)
  35 orcs
  7 bats
  5 endoplasms
  3 giant cockroaches
  14 goblins
  5 hobgoblins
  4 jackals (D:1)
  3 quokkas
  9 ball pythons
  7 frilled lizards
  15 kobolds
  10 rats
254 creatures vanquished.

Vanquished Creatures (collateral kills)
  3 ballistomycete spores (Bailey)
3 creatures vanquished.

Vanquished Creatures (others)
  A ballistomycete spore (Bailey)
1 creature vanquished.

Grand Total: 258 creatures vanquished

Notes
Turn   | Place    | Note
-------+----------+-------------------------------------------
     0 | D:1      | Plasmagod the Formicid Fighter began the quest for the Orb.
     0 | D:1      | Reached XP level 1. HP: 18/18 MP: 1/1
    52 | D:1      | Reached XP level 2. HP: 7/24 MP: 2/2
   274 | D:1      | Found a faded altar of an unknown god.
   290 | D:1      | Prayed at the altar of an unknown god.
   290 | D:1      | Became a worshipper of Fedhas Madash
   290 | D:1      | Reached * piety under Fedhas
   431 | D:1      | Reached XP level 3. HP: 28/30 MP: 3/3
   966 | D:2      | Reached ** piety under Fedhas
  1256 | D:2      | Reached XP level 4. HP: 37/37 MP: 4/4
  1802 | D:3      | Found an ornate altar of the Wu Jian Council.
  1870 | D:3      | Found a burning altar of Makhleb.
  1892 | D:3      | Reached skill level 3 in Staves
  1903 | D:3      | Found a runed translucent door.
  1904 | D:3      | Noticed aloneDruid's ghost (amateur DgGl)
  2062 | D:3      | Found a glowing drain.
  2070 | D:3      | Reached XP level 5. HP: 28/42 MP: 5/5
  2088 | Sewer    | Entered a sewer
  2234 | Sewer    | Noticed Pargi
  2249 | Sewer    | Killed Pargi
  2250 | Sewer    | Reached skill level 4 in Staves
  2250 | Sewer    | Reached XP level 6. HP: 17/48 MP: 6/6
  2593 | D:3      | Noticed Ijyb
  2603 | D:3      | Killed Ijyb
  2604 | D:3      | Reached skill level 1 in Dodging
  2928 | D:3      | Found an opulent altar of Gozag.
  3062 | D:4      | Reached *** piety under Fedhas
  3221 | D:4      | Noticed Pikel
  3233 | D:4      | Killed Pikel
  3234 | D:4      | Reached skill level 6 in Staves
  3234 | D:4      | Reached skill level 5 in Armour
  3234 | D:4      | Reached XP level 7. HP: 29/55 MP: 7/7
  3234 | D:4      | Reached XP level 8. HP: 32/61 MP: 8/8
  3305 | D:4      | Reached skill level 1 in Stealth
  3394 | D:4      | Reached skill level 5 in Fighting
  3498 | D:4      | Found a staircase to the Ecumenical Temple.
  3549 | D:4      | Reached skill level 7 in Staves
  3746 | D:5      | Entered Level 5 of the Dungeon
  3746 | D:5      | Noticed a yak
  3746 | D:5      | Noticed a yak
  3746 | D:5      | Noticed a yak
  3746 | D:5      | Noticed a yak
  3746 | D:5      | Noticed a yak
  3746 | D:5      | Noticed a yak
  3768 | D:5      | Reached skill level 1 in Long Blades
  3782 | D:5      | Killed a yak
  3783 | D:5      | Reached XP level 9. HP: 58/68 MP: 9/9
  3798 | D:5      | Reached skill level 8 in Staves
  4111 | D:5      | Reached **** piety under Fedhas
  4126 | D:5      | Reached skill level 9 in Staves
  4323 | D:5      | Reached XP level 10. HP: 77/77 MP: 10/10
  4606 | D:5      | Found a shimmering altar of Xom.
  5096 | D:6      | Found a shimmering blue altar of Sif Muna.
  5193 | D:6      | Found a glowing silver altar of Zin.
  5301 | D:6      | Found a shadowy altar of Dithmenos.
  5620 | D:7      | Reached skill level 5 in Long Blades
  5631 | D:7      | Reached skill level 10 in Staves
  6509 | D:7      | Reached ***** piety under Fedhas
  6510 | D:7      | Reached skill level 1 in Axes
  6787 | D:8      | Noticed Maggie
  6799 | D:8      | Killed Maggie
  6922 | D:8      | Reached skill level 5 in Shields
  7144 | D:8      | Found a staircase to the Lair.
  7151 | D:8      | Reached skill level 1 in Invocations
  8012 | D:9      | Reached XP level 11. HP: 63/84 MP: 12/12
  8228 | D:9      | Noticed an orc high priest
  8233 | D:9      | Found a transporter.
  8234 | D:9      | Noticed a deep elf knight
  8242 | D:9      | Found a transporter.
  8281 | D:9      | Noticed an orc high priest
  8429 | D:9      | Found an iron altar of Okawaru.
  8541 | D:9      | Found a hide-covered altar of Uskayaw.
  8549 | D:9      | Found a staircase to the Orcish Mines.
  8894 | D:10     | Entered Level 10 of the Dungeon
  8964 | D:10     | Noticed a two-headed ogre
  8971 | D:10     | Killed a two-headed ogre
  9175 | D:10     | Found a sacrificial altar of Ru.
  9255 | D:10     | Found a broken altar of Ashenzari.
  9277 | D:10     | Found a flagged portal.
  9292 | Bailey   | Entered a bailey
  9678 | Bailey   | Found a large runed translucent door.
  9678 | Bailey   | Found a large runed translucent door.
  9678 | Bailey   | Noticed an orc knight
  9679 | Bailey   | Noticed a deep elf zephyrmancer
  9709 | Bailey   | HP: 3/73 [orc knight/+0 glaive (4)]
  9710 | Bailey   | Mangled by an orc knight

Illustrated notes

Levels and vault maps discovered:
D:1:      co_arrival_square_in_a_square_in_a_square, layout_basic,
          ebering_ecumenical_altar_sacrificial
D:2:      layout_basic
D:3:      layout_rooms, nicolae_wu_jian_wuxing_cycle,
          mainiacjoe_overflow_big_doors, portal_sewer_entry_b,
          ebering_ghost_sewer_d, uniq_ijyb
D:4:      layout_rooms, minmay_temple_entry_large_hall, uniq_pikel
D:5:      layout_rooms, marbit_many_paths, amcnicky_mini_pool_small,
          minmay_misc_feat_roman, grunt_ministairs_11
D:6:      layout_loops_cross, nicolae_sif_muna_condensation,
          amcnicky_altar_gilded, kennysheep_little_box
D:7:      layout_basic, minmay_increasing_density
D:8:      layout_cave_pods, lair_entry_dummy, uniq_maggie
D:9:      gammafunk_wand_slinger, layout_rooms, okawaru_gym_becter,
          mainiacjoe_overflow_small_starburst, minmay_orc_entry_guard_dogs,
          small_statue_intersection
D:10:     layout_cave_pods, mainiacjoe_overflow_brackets,
          ashenzari_conservatory_becter, mainiacjoe_overflow_two_lobes,
          enter_bailey_5, grunt_ministairs_11
Bailey:   bailey_polearm_elven_captive_hellmonk, bailey

Skill      XL: |  1  2  3  4  5  6  7  8  9 10 11 |
---------------+----------------------------------+-----
Staves         | 3 4 6 7 9 10 | 10.5
Armour         | 4 5 6 7 8 |  8.1
Shields        | 4 5 6 |  6.4
Fighting       | 4 5 6 7 |  7.7
Dodging        | 2 3 |  3.0
Stealth        | 1 2 3 |  3.2
Long Blades    | 1 4 5 |  5.1
Axes           | 3 4 |  4.6
Invocations    | 2 3 |  3.8

Action                   |  1- 3 |  4- 6 |  7- 9 | 10-12 || total
-------------------------+-------+-------+-------+-------++-------
Melee: Quarterstaff      |   105 |   133 |   106 |   314 ||   658
       Battleaxe         |       |       |       |    51 ||    51
Invok: Grow Ballistomyce |       |       |       |     1 ||     1
 Abil: Dig               |       |       |       |     2 ||     2
  Use: Scroll            |       |    10 |       |     9 ||    19
       Potion            |       |       |       |     4 ||     4
 Stab: Distracted        |       |       |     2 |     2 ||     4
Armor: Scale mail        |    63 |    79 |       |       ||   142
       Chain mail        |       |     3 |    24 |    61 ||    88
       Plate armour      |       |       |       |    59 ||    59
Dodge: Dodged            |    64 |    53 |    39 |   204 ||   360
Block: Buckler           |    20 |    28 |     8 |   155 ||   211
       Reflection        |       |       |       |     4 ||     4
